[Event "Early-Titled-Tuesday-Blitz-February-20-2024"]
[Site "Chess.com"]
[Date "2024.02.20"]
[Round "10"]
[White "margarita_2703"]
[Black "WilsonPalencia21"]
[Result "1/2-1/2"]
[WhiteElo "2395"]
[BlackElo "2518"]
[TimeControl "180+1"]
[EndTime "9:58:49 PST"]
[Termination "Game drawn by agreement"]

1. e4 c5 2. Nf3 d6 3. d4 cxd4 4. Qxd4 Nc6 5. Bb5 Qa5+ 6. Nc3 Qxb5 7. Nxb5 Nxd4 8. Nfxd4 Kd8 9. c4 Bd7 10. b3 Nf6 11. f3 a6 12. Nc3 Rc8 13. Bb2 e6 14. Ke2 Kc7 15. Rhd1 Be7 16. Rac1 Kb8 17. g4 g5 18. Ba3 Ne8 19. e5 h5 20. Ne4 hxg4 21. exd6 Rxh2+ 22. Ke3 Bf6 23. fxg4 Be5 24. Nf3 Bf4+ 25. Kd3 Rxa2 26. Ra1 Rxa1 27. Rxa1 f5 28.
gxf5 exf5 29. Nexg5 Nxd6 30. Rd1 Bc6 31. Kc2 Ne4 32. Rg1 Rg8 33. Bc1 Bc7 34. Kb2 Nxg5 35. Nxg5 f4 36. Ka2 Rg6 37. Bd2 b5 38. cxb5 axb5 39.
Kb1 Kb7 40. Ka2 Bb6 41. Rg4 f3 42. Rf4 Bc7 43. Rf7 Bd5 44. Rf5 Rd6 45. Be3 Ra6+ 46. Kb2 Bc6 47. Nxf3 Be4 48. Rxb5+ Kc6 49. Rc5+ Kd6 50.
Nd2 Bd5 51. Rc2 Kd7 52. Bd4 Bd6 53. Nc4 Bb4 54. Bc3 Bxc4 55. bxc4 Bc5 56. Rd2+ Kc6 57. Rd5 Rb6+ 58. Kc2 Ra6 59. Bd4 Bxd4 60. Rxd4 Kc5 61.
Rg4 Ra3 62. Kb2 Rf3 63. Kc2 Re3 64. Kd2 Rh3 65. Rg5+ Kxc4 66. Rg4+ Kc5 1/2-1/2

[Event "Early-Titled-Tuesday-Blitz-February-20-2024"]
[Site "Chess.com"]
[Date "2024.02.20"]
[Round "10"]
[White "dropstoneDP"]
[Black "lamomiajunior"]
[Result "1-0"]
[WhiteElo "3009"]
[BlackElo "2735"]
[TimeControl "180+1"]
[EndTime "9:58:50 PST"]
[Termination "dropstoneDP won by resignation"]

1. e4 c5 2. Nf3 d6 3. d4 cxd4 4.
Nxd4 Nf6 5. Nc3 a6 6. f3 e6 7. g4 Be7 8. Be3 Nc6 9. Qd2 d5 10. g5 Nh5 11. exd5 exd5 12. O-O-O O-O 13. Kb1 Re8 14. Nb3 Bb4 15. a3 Bxc3 16. Qxc3 Bf5 17. Bc5 Rc8 18. Bd3 Bxd3 19. Qxd3 Ne5 20. Qxd5 Qxd5 21.
Rxd5 Nf4 22. Rdd1 Nh3 23. Rhf1 Ng6 24. Bd6 Nxg5 25. f4 Ne4 26. f5 Nh4 27. Bg3 Ng2 28.
Rd3 Nxg3 29. hxg3 Ne3 30. Rf2 Ng4 31. Rf4 Ne5 32. Re3 f6 33. Rb4 Rc7 34. Nd4 Rec8 35. c3 b5 36. a4 Nc4 37. Re2 bxa4 38. Rxa4 a5 39. Nb5 Rc5 40. Rxc4 Rxc4 41. Nd6 R4c6 42. Nxc8 Rxc8 43. Ka2 Rc5 44. Rf2 Kf7 45. Rf3 Ke7 46. b4 axb4 47. cxb4 Rc1 48. Kb3 Kd6 49. Rd3+ Ke5 50.
Rd7 Kxf5 51. Rxg7 h5 52. b5 Rg1 53. Kc2 Rg2+ 54. Kc1 Rg1+ 55. Kc2 Rg2+ 56. Kc3 h4 57. b6 Rxg3+ 58. Rxg3 hxg3 59. b7 g2 60. b8=Q g1=Q 61.
Qc8+ Kf4 62. Qc7+ Kf5 63. Qd7+ Ke5 64. Qe7+ Kf5 65. Qd7+ Kg6 66. Qe8+ Kh6 67. Qh8+ Kg6 68. Qg8+ Kf5 69. Qxg1 1-0

[Event "Early-Titled-Tuesday-Blitz-February-20-2024"]
[Site "Chess.com"]
[Date "2024.02.20"]
[Round "10"]
[White "TokChess"]
[Black "ChessQueen"]
[Result "0-1"]
[WhiteElo "2559"]
[BlackElo "2743"]
[TimeControl "180+1"]
[EndTime "9:58:50 PST"]
[Termination "ChessQueen won on time"]

1. e4 c6 2. Nf3 d5 3. Nc3 dxe4 4.
Nxe4 Nf6 5. Nxf6+ exf6 6. d4 Bd6 7. Be2 O-O 8. O-O Re8 9. Re1 Nd7 10. Bf1 Nf8 11. Rxe8 Qxe8 12. Qe2 Qd8 13. h3 Bf5 14.
c3 Ng6 15. Be3 Bc7 16. Re1 Qd6 17. g3 Qd7 18. h4 Bg4 19. Bg2 Qf5 20. Bc1 h6 21.
Qe4 Qxe4 22. Rxe4 Be6 23. a3 f5 24. Re1 f4 25. h5 Ne7 26. Ne5 fxg3 27. fxg3 Nf5 28.
Bf4 Re8 29. Kf2 Bb6 30. g4 Nxd4 31. cxd4 Bxd4+ 32. Kg3 Bxb2 33. Rb1 Bxe5 34. Bxe5 Bc8 35. Re1 Rd8 36. Re3 Be6 37. Bf4 Rd4 38. Bf3 a5 39.
Be5 Rd7 40. Bf4 c5 41. g5 hxg5 42. Bxg5 c4 43. Be4 Rc7 44. Bf4 Rc5 45. Bf3 b5 46. Bd6 Rg5+ 47. Kf4 Rf5+ 48. Kg3 Rg5+ 49. Kf4 Rg1 50.
Bc7 b4 51. axb4 axb4 52. Bd6 b3 53. Be5 f6 54. Bc3 Kf7 55. Be4 Rg4+ 56. Kf3 Rh4 57. Bg6+ Ke7 58. Bb4+ Kd7 59. Bc3 Rh2 60. Kg3 Ra2 61. Kf3 Bd5+ 62. Kf4 Rf2+ 63. Kg4 b2 64. Kg3 Rg2+ 0-1

[Event "Early-Titled-Tuesday-Blitz-February-20-2024"]
[Site "Chess.com"]
[Date "2024.02.20"]
[Round "10"]
[White "rhungaski"]
[Black "picturesquecheck"]
[Result "1-0"]
[WhiteElo "2586"]
[BlackElo "2443"]
[TimeControl "180+1"]
[EndTime "9:58:51 PST"]
[Termination "rhungaski won by resignation"]

1. e4 c5 2. Nf3 d6 3. d4 cxd4 4. Nxd4 Nf6 5. Nc3 Nc6 6. f3 e5 7. Nb3 Be6 8. Be3 d5 9. exd5 Nxd5 10. Nxd5 Qxd5 11. Qxd5 Bxd5 12. O-O-O O-O-O 13. c4 Be6 14.
Rxd8+ Kxd8 15. Nc5 Bxc5 16. Bxc5 Kc8 17. b3 Rd8 18. Be2 Nd4 19. Bd1 b6 20. Bb4 f6 21.
h4 Nf5 22. Bd2 h6 23. g4 Nd4 24. f4 exf4 25. Bxf4 Bd7 26. g5 hxg5 27. hxg5 Ne6 28. Be3 Nxg5 29. Bxg5 fxg5 30. Rg1 g4 31. Bxg4 Bxg4 32.
Rxg4 Rd7 33. Kc2 Kb7 34. b4 Rf7 35. Kb3 Ka6 36. Ka4 Kb7 37. Rg6 Re7 38. c5 bxc5 39.
bxc5 Rc7 40. Kb5 Rf7 41. a4 Re7 42. a5 Rf7 43. c6+ Kc7 44. Ka6 Rf6 45. Rxg7+ Kxc6 46. Kxa7 Kb5 47. Rg5+ Kc6 48. Rh5 Rf7+ 49. Ka6 Kc7 50. Rb5 Rf6+ 51. Ka7 Rf7 52. Rb7+ 1-0

[Event "Early-Titled-Tuesday-Blitz-February-20-2024"]
[Site "Chess.com"]
[Date "2024.02.20"]
[Round "10"]
[White "Polish_fighter3000"]
[Black "Hovik_Hayrapetyan"]
[Result "1-0"]
[WhiteElo "3060"]
[BlackElo "2903"]
[TimeControl "180+1"]
[EndTime "9:58:52 PST"]
[Termination "Polish_fighter3000 won on time"]

1. d4 Nf6 2. Nf3 d5 3. Bf4 c5 4. e3 Nc6 5. c3 Qb6 6. Qc2 Bf5 7. dxc5 Bxc2 8. cxb6 axb6 9. Na3 Ba4 10. Nb5 Kd7 11.
Nc7 Ra7 12. Rc1 e6 13. Ng5 Nd8 14. Nb5 Ra5 15. Nd4 Bd6 16. Bxd6 Kxd6 17. f4 Bd7 18. a3 b5 19. h3 h6 20. Ngf3 Ne4 21. Bd3 Nc5 22. Bc2 Na4 23. Rb1 Nc6 24. O-O f6 25.
Rfd1 Kc7 26. f5 e5 27. Nb3 Nb6 28. Nxa5 Nxa5 29. b3 Bc6 30. Kf2 Nc8 31. g4 Ne7 32.
Kg3 b6 33. Rd2 Nb7 34. Rbd1 Nc5 35. b4 Nb7 36. Bb3 Ra8 37. Ra2 Nd6 38. Nd2 h5 39. Rda1 hxg4 40. hxg4 g6 41. fxg6 f5 42. a4 fxg4 43.
axb5 Rxa2 44. Rxa2 Nxb5 45. Bc2 Nxc3 46. Ra7+ Kd6 47. g7 1-0

[Event "Early-Titled-Tuesday-Blitz-February-20-2024"]
[Site "Chess.com"]
[Date "2024.02.20"]
[Round "10"]
[White "yaguigor"]
[Black "Bilan_Danila"]
[Result "0-1"]
[WhiteElo "2647"]
[BlackElo "2492"]
[TimeControl "180+1"]
[EndTime "9:58:52 PST"]
[Termination "Bilan_Danila won on time"]

1. d4 d5 2. c4 c6 3. Nf3 Nf6 4. e3 e6 5. Bd3 Nbd7 6. O-O Bd6 7.
Nc3 O-O 8. e4 dxc4 9. Bxc4 e5 10. Be3 exd4 11. Bxd4 Qc7 12. Rc1 Ne5 13. Bxe5 Bxe5 14.
Nxe5 Qxe5 15. Qf3 Re8 16. h3 Be6 17. Bxe6 Rxe6 18. Rfe1 Rd8 19. Rcd1 Red6 20. Rxd6 Rxd6 21. Qe3 b6 22. f4 Qe8 23. e5 Re6 24. Rd1 g5 25. Qg3 Nd7 26. Qxg5+ Rg6 27. Qf5 Nc5 28. b4 Ne6 29. Ne4 Qf8 30. Nf6+ Kh8 31. Rd7 Qxb4 32. Ng4 Qxf4 33. Qxf4 Nxf4 34. Rxf7 Nd5 35. Rxa7 h5 36.
Nf2 Nf4 37. g4 hxg4 38. hxg4 c5 39. Kh2 Rg5 40. Kg3 Nd5 41. e6 Re5 42. Rd7 Nf6 43. Rd6 Kg7 44. Kh4 Re2 0-1

[Event "Early-Titled-Tuesday-Blitz-February-20-2024"]
[Site "Chess.com"]
[Date "2024.02.20"]
[Round "10"]
[White "noblerone"]
[Black "annamaja"]
[Result "1-0"]
[WhiteElo "2527"]
[BlackElo "2390"]
[TimeControl "180+1"]
[EndTime "9:58:52 PST"]
[Termination "noblerone won by resignation"]

1. d4 d5 2. Nf3 Nf6 3. Bg5 e6 4. Nbd2 Be7 5. e3 O-O 6. Bd3 Nbd7 7.
O-O Re8 8. c3 Nf8 9. Ne5 c5 10. f4 Ng6 11. Nxg6 hxg6 12. Nf3 Ne4 13. Bxe7 Qxe7 14. Ne5 b6 15. Rf3 g5 16. fxg5 Nxg5 17.
Rg3 f6 18. Rxg5 fxe5 19. Rxe5 Rf8 20. Qh5 Rf6 21. Qh7+ Kf8 22. Bg6 Qd8 23. Qh8+ Ke7 24. Qxg7+ Kd6 25. Bh5 Ba6 26. e4 Qf8 27. Qxf8+ Raxf8 28. Bf3 dxe4 29. Rxe4 Bb7 30. dxc5+ bxc5 31. Rd1+ Ke7 32.
Re3 Bxf3 33. Rxf3 Rxf3 34. gxf3 Rxf3 35. Rd2 Re3 36. Kf2 Rh3 37. Kg2 Re3 38. h4 Kf6 39. Rf2+ Kg6 40. c4 e5 41. b3 e4 42. Rf8 Rc3 43.
Re8 Rc2+ 44. Kg3 Rxa2 45. Rxe4 Rb2 46. Re3 a5 47. Kg4 Rg2+ 48. Kf4 Kh5 49. Re5+ Kxh4 50. Rxc5 Rb2 51. Rb5 Rxb3 52. Rxb3 1-0

[Event "Early-Titled-Tuesday-Blitz-February-20-2024"]
[Site "Chess.com"]
[Date "2024.02.20"]
[Round "10"]
[White "manitodeplomo"]
[Black "BardArtem"]
[Result "1-0"]
[WhiteElo "2642"]
[BlackElo "2760"]
[TimeControl "180+1"]
[EndTime "9:58:54 PST"]
[Termination "manitodeplomo won by checkmate"]

1. d4 Nf6 2. c4 b6 3. Nf3 Bb7 4. g3 g6 5. Bg2 Bg7 6. Nc3 O-O 7. Qc2 d5 8. Ne5 Nbd7 9. O-O e6 10. Rd1 c6 11. Bg5 h6 12. Bxf6 Nxf6 13. e4 Re8 14.
exd5 cxd5 15. b4 a5 16. Rab1 axb4 17. Rxb4 Rb8 18. Rdb1 Ba8 19. c5 Ne4 20. Nxe4 dxe4 21. Bxe4 Bxe5 22. dxe5 Rc8 23. c6 Qg5 24. f4 Qe7 25.
Rxb6 Rc7 26. a4 Qa3 27. Kg2 Kg7 28. Qb3 Qc5 29. Qb4 Qe3 30. Re1 Qxe1 31. Qxe1 Rd8 32. Qc3 h5 33. a5 h4 34. a6 Rdc8 35. Qc5 Kg8 36. Qb5 Kg7 37. Rb7 Bxb7 38. axb7 Rd8 39. Qb6 Rd2+ 40. Kf3 hxg3 41. hxg3 Re7 42. b8=Q g5 43.
fxg5 Rf2+ 44. Kxf2 f5 45. Q8b7 Kf7 46. Qxe7+ Kg6 47.
Qbb7 Kh5 48. Qxe6 Kg4 49. Qxf5+ Kh5 50. Qh3+ Kxg5 51. Qh4# 1-0

[Event "Early-Titled-Tuesday-Blitz-February-20-2024"]
[Site "Chess.com"]
[Date "2024.02.20"]
[Round "10"]
[White "AnaKuchava"]
[Black "GrotBchess"]
[Result "0-1"]
[WhiteElo "2209"]
[BlackElo "2368"]
[TimeControl "180+1"]
[EndTime "9:58:55 PST"]
[Termination "GrotBchess won by resignation"]

1. d4 Nf6 2. Nf3 g6 3. c4 Bg7 4.
Nc3 d5 5. Bg5 dxc4 6. e4 O-O 7.
Bxc4 c5 8. d5 h6 9. Bf4 a6 10.
a4 Nbd7 11. a5 Nh5 12. Be3 Qc7 13. Qd2 Rd8 14. Bxh6 Bxh6 15. Qxh6 Qf4 16. Qxf4 Nxf4 17. g3 Nh5 18. e5 b5 19. axb6 Nxb6 20. Ba2 Bg4 21. Nd2 Ng7 22. f3 Bf5 23. g4 Bd3 24. Nde4 c4 25. d6 exd6 26. Nxd6 Ne6 27. O-O-O Kg7 28.
h4 Nf4 29. h5 Rd7 30. h6+ Kh7 31. Nce4 Ne2+ 32. Kd2 Bxe4 33. Kxe2 Bd3+ 34. Kf2 Re7 35. f4 Nd5 36. Kg3 g5 37. fxg5 Rxe5 38. Nxf7 Re3+ 39. Kf2 Rf8 40. g6+ Kxg6 41. h7 Rxf7+ 42. Kg2 Rxh7 43. Rxh7 Kxh7 44. Rc1 Re2+ 45. Kg3 Rxb2 46. Bxc4 Bxc4 47. Rxc4 Rb3+ 48. Kh4 Rb6 49. Rd4 Nf6 50. g5 Ne8 51. Rd7+ Ng7 52. Kg4 Rb4+ 53. Kg3 a5 54. Ra7 a4 55.
Kf3 Kg6 56. Kg3 Nf5+ 57. Kf2 Kxg5 58. Ra5 Kf4 0-1

[Event "Early-Titled-Tuesday-Blitz-February-20-2024"]
[Site "Chess.com"]
[Date "2024.02.20"]
[Round "10"]
[White "secrethawk1"]
[Black "Orest_Vovk"]
[Result "1-0"]
[WhiteElo "2495"]
[BlackElo "2650"]
[TimeControl "180+1"]
[EndTime "9:58:56 PST"]
[Termination "secrethawk1 won on time"]

1. e4 g5 2. d4 g4 3. Qxg4 d5 4. Qe2 dxe4 5. Qxe4 Nf6 6. Qd3 Nc6 7. Nf3 Bg4 8. c3 Qd5 9. h3 Bxf3 10. Qxf3 Qxf3 11. gxf3 e5 12. dxe5 Nxe5 13. Be2 O-O-O 14. Be3 Nd5 15. Bd4 f6 16. Nd2 Nf4 17. Ne4 c5 18. Bxe5 fxe5 19. Rd1 Ng2+ 20. Kf1 Rxd1+ 21. Bxd1 Nf4 22.
Bc2 Be7 23. Rg1 Ng6 24. Ng5 Nh4 25. Nf7 Rf8 26. Nxe5 Nxf3 27. Nxf3 Rxf3 28. Bxh7 Bh4 29. Rg2 Kc7 30. Ke2 Rxh3 31. Rg7+ Kd6 32. Rxb7 Rh2 33.
Rf7 Ke6 34. Rf3 Bf6 35. Bg8+ Ke7 36. Re3+ Kf8 37. Bd5 Bh4 38. Rf3+ Ke7 39. Rf7+ Kd6 40. c4 a5 41. b3 Ke5 42. Ke3 Bg5+ 43. f4+ Bxf4+ 44. Rxf4 Rxa2 45. Re4+ Kd6 46. Re6+ Kd7 47. Rb6 Ra3 48. Rb5 Kd6 49. Ke4 a4 50. bxa4 Rxa4 51. Rb6+ Kd7 52. Bc6+ Kc7 53. Bxa4 Kxb6 54. Bb5 1-0

[Event "Early-Titled-Tuesday-Blitz-February-20-2024"]
[Site "Chess.com"]
[Date "2024.02.20"]
[Round "10"]
[White "ChessLover0108"]
[Black "Rakhmanov_Aleksandr"]
[Result "0-1"]
[WhiteElo "2956"]
[BlackElo "2881"]
[TimeControl "180+1"]
[EndTime "9:58:58 PST"]
[Termination "Rakhmanov_Aleksandr won on time"]

1. g3 h5 2. Nf3 d5 3. Bg2 c6 4. c4 dxc4 5. Na3 Be6 6. Qc2 b5 7. Ng5 Bd7 8. Nxb5 cxb5 9. Bxa8 Nc6 10. Ne6 Qc8 11. Nxf8 Qxa8 12. f3 Kxf8 13. b3 h4 14. g4 cxb3 15. axb3 Bxg4 16. Bb2 Bd7 17. Qd3 Qb7 18.
Rg1 Nf6 19. Rg5 a6 20. Rc1 Be8 21. Kf2 h3 22. Rcg1 g6 23. Qe3 Qd7 24. Qc5 Qe6 25. d3 Rh4 26. d4 Qxb3 27. Ba1 Qc4 28. Qxc4 bxc4 29. d5 Nb4 30. d6 Nfd5 31. dxe7+ Kxe7 32. Re5+ Kf8 33. Rd1 Bc6 34. e4 Nd3+ 35. Rxd3 cxd3 36. exd5 d2 37. Ke2 Bb5+ 38. Kxd2 Ra4 39. Bc3 Ra2+ 40. Ke3 Rxh2 41. Kf4 Rc2 42. Bb4+ Kg7 43. Re1 h2 44. Bd6 f6 45. Kg3 g5 46. Be7 Re2 47.
Rxe2 h1=Q 0-1

[Event "Early-Titled-Tuesday-Blitz-February-20-2024"]
[Site "Chess.com"]
[Date "2024.02.20"]
[Round "10"]
[White "Kirill_Klukin"]
[Black "Fandorine"]
[Result "1-0"]
[WhiteElo "2858"]
[BlackElo "2944"]
[TimeControl "180+1"]
[EndTime "9:58:58 PST"]
[Termination "Kirill_Klukin won by resignation"]

1. Nf3 Nf6 2. c4 e6 3. e3 d5 4. b3 Be7 5. Bb2 O-O 6. Nc3 c6 7. d4 Ne4 8. Bd3 f5 9. O-O Nd7 10. Ne2 Bd6 11. Ne5 Qc7 12. cxd5 exd5 13. f3 Nec5 14.
f4 Nxd3 15. Qxd3 Nf6 16. Rac1 Ne4 17. Nc3 Qe7 18. Nxe4 fxe4 19. Qe2 a5 20. a4 Qh4 21. Bc3 Be6 22. Be1 Qe7 23. h3 Ra6 24. Qc2 Bb4 25.
Bxb4 Qxb4 26. Kh2 Rb6 27. Rb1 Qd6 28. Rfc1 Rb4 29. Qc5 Qc7 30. Qc3 h6 31. Qe1 Kh7 32. Qh4 Qd8 33. Qg3 Bf5 34. Qe1 Qd6 35. Rc5 Ra8 36. g4 Bc8 37. Qg3 Ra6 38. f5 Rab6 39. Ng6 Qxg3+ 40. Kxg3 Rxb3 41. Rxb3 Rxb3 42. Kf4 Bd7 43.
Rxa5 Be8 44. Ne5 c5 45. Rxc5 Rb1 46. Rxd5 Rf1+ 47. Kg3 Bxa4 48. Rd8 h5 49. Ng6 Kh6 50. h4 Rg1+ 51. Kh2 1-0

[Event "Early-Titled-Tuesday-Blitz-February-20-2024"]
[Site "Chess.com"]
[Date "2024.02.20"]
[Round "10"]
[White "Goffredo_Fofi"]
[Black "DmitriiZakurdaev"]
[Result "1/2-1/2"]
[WhiteElo "2533"]
[BlackElo "2436"]
[TimeControl "180+1"]
[EndTime "9:59:00 PST"]
[Termination "Game drawn by repetition"]

1. e4 c6 2. Nf3 d5 3. d3 e6 4. Nbd2 Nf6 5. g3 Be7 6. Bg2 O-O 7. O-O c5 8. Re1 Nc6 9. e5 Nd7 10. Nf1 b5 11. h4 Qc7 12. Bf4 Rd8 13. Ne3 a5 14. Nxd5 exd5 15. e6 Qb7 16. exd7 Bxd7 17.
Ne5 Nxe5 18. Rxe5 Bc6 19. Qg4 Bf6 20. Re2 d4 21. Bxc6 Qxc6 22. h5 Re8 23. Rae1 Rxe2 24. Qxe2 h6 25. Qg4 Kh8 26. Qf5 c4 27. Qe4 Qxe4 28.
Rxe4 cxd3 29. cxd3 Rc8 30. Re2 a4 31. Kf1 b4 32. Bd6 b3 33. axb3 axb3 34. Ke1 g6 35. Bf4 gxh5 36. Bxh6 Kh7 37. Bf4 Kg6 38. Kf1 Kf5 39.
Ke1 Ra8 40. Bd6 Ra1+ 41. Kd2 Rb1 42. Ba3 h4 43. Re1 Bg5+ 44. f4 Rxe1 45. Kxe1 Bf6 46.
Kf2 Kg4 47. gxh4 Bxh4+ 48. Ke2 Kxf4 49. Bc5 Bf6 50. Bb6 Be5 51. Kf2 f5 52. Bc5 Kg4 53.
Bb6 f4 54. Bc5 f3 55. Bb6 Kf4 56. Ba7 Bf6 57. Bb8+ Kg4 58. Ba7 Bh4+ 59. Kf1 Bf6 60. Kf2 Be5 61. Bb6 Kf4 62. Ba7 Bf6 63. Bb8+ Kg4 64.
Ba7 1/2-1/2

[Event "Early-Titled-Tuesday-Blitz-February-20-2024"]
[Site "Chess.com"]
[Date "2024.02.20"]
[Round "10"]
[White "Huragan007"]
[Black "AsaHoffmann"]
[Result "1-0"]
[WhiteElo "2612"]
[BlackElo "2376"]
[TimeControl "180+1"]
[EndTime "9:59:01 PST"]
[Termination "Huragan007 won by checkmate"]

1. e4 d6 2. d4 Nf6 3. Nc3 c6 4.
f3 Nbd7 5. Be3 e5 6. Qd2 Be7 7.
O-O-O b5 8. g4 Qc7 9. g5 Nh5 10. d5 b4 11. dxc6 bxc3 12. cxd7+ Bxd7 13. Qxc3 Qxc3 14. bxc3 Rc8 15. Kd2 Nf4 16. h4 Bd8 17. Bxf4 exf4 18.
Ne2 Ba5 19. Nxf4 Bxc3+ 20. Ke3 Be5 21. Bd3 O-O 22. Nd5 Rfe8 23. f4 Bb2 24. Rb1 Ba3 25.
Rb7 Bc6 26. Ne7+ Kf8 27. Nxc6 Rxc6 28. Rhb1 Bc5+ 29. Kf3 Rec8 30. Bc4 R6c7 31. Bd5 Bb6 32. Rxc7 Rxc7 33. c4 g6 34. h5 Kg7 35. h6+ Kf8 36.
f5 Rc5 37. Kg4 Ra5 38. fxg6 fxg6 39. Rf1+ Ke8 40. Rf6 Bc5 41. Rf7 Rxa2 42. Rxh7 Rg2+ 43. Kf4 Bd4 44. Bf7+ Kd8 45. Bxg6 Be5+ 46. Kf5 Rf2+ 47. Ke6 Rg2 48. Rd7+ Kc8 49. Rxa7 Rxg5 50. Bf5 Rh5 51.
h7 Kb8 52. Rf7 Ka8 53. Kd5 Kb8 54. Kc6 Rh6 55. Kd5 Ka8 56. Rd7 Kb8 57. Be6 Ka8 58. Bf5 Kb8 59. Re7 Ka8 60. Kc6 Kb8 61. Kb6 Ka8 62. Re8# 1-0

[Event "Early-Titled-Tuesday-Blitz-February-20-2024"]
[Site "Chess.com"]
[Date "2024.02.20"]
[Round "10"]
[White "inagreV"]
[Black "Karttunen"]
[Result "0-1"]
[WhiteElo "2406"]
[BlackElo "2685"]
[TimeControl "180+1"]
[EndTime "9:59:05 PST"]
[Termination "Karttunen won on time"]

1. e4 e5 2. Nf3 Nc6 3. Bc4 Bc5 4. c3 Nf6 5. d3 a6 6. O-O Ba7 7. a4 d6 8. Re1 h6 9. Nbd2 O-O 10. h3 Ne7 11. d4 Ng6 12. Nf1 exd4 13. cxd4 Nxe4 14. Qc2 d5 15. Bd3 f5 16. Ra3 c6 17. Ng3 Be6 18. Nh5 Qd6 19. Rb3 Rf7 20. g3 b5 21. axb5 axb5 22. Ra3 Raf8 23. Nf4 Nxf4 24. Bxf4 Qb4 25. Be5 Rc8 26. Rea1 Bb6 27. Ra8 Rff8 28. Rxc8 Rxc8 29.
Kg2 Qe7 30. Ra6 Qb7 31. Ra1 Ra8 32. Rc1 Rc8 33. h4 Ba5 34. Bf4 Bb4 35. Ne5 c5 36. dxc5 Bxc5 37. Bxe4 dxe4 38. Qe2 e3+ 39. f3 Bd4 40.
Rxc8+ Bxc8 41. Nd3 Be6 42. Bxe3 Bf6 43. Nc5 Qd5 44.
Nxe6 Qxe6 45. Qd2 Qb3 46. Bd4 Qd5 47. Bc3 Qxd2+ 48. Bxd2 Bxb2 49. Bb4 Kf7 50. Kf2 Ke6 51. Ke2 Kd5 52. Kd3 h5 53. Be7 Be5 54. f4 Bd4 55. Bf8 g6 0-1

[Event "Early-Titled-Tuesday-Blitz-February-20-2024"]
[Site "Chess.com"]
[Date "2024.02.20"]
[Round "10"]
[White "ValentunHulka"]
[Black "Statham_01"]
[Result "0-1"]
[WhiteElo "2749"]
[BlackElo "2588"]
[TimeControl "180+1"]
[EndTime "9:59:07 PST"]
[Termination "Statham_01 won by resignation"]

1. Nc3 Nf6 2. e4 e5 3. Nf3 Nc6 4. Bc4 Nxe4 5. Nxe4 d5 6. Bd3 dxe4 7. Bxe4 Bd6 8. O-O O-O 9. c3 f5 10. Bd5+ Kh8 11. d3 f4 12. Re1 Bg4 13. Be4 Qf6 14. b4 Nd8 15. a4 c6 16. Qb3 Ne6 17. Bb2 Bxf3 18. Bxf3 Ng5 19. Qd1 Rad8 20. Qe2 Bc7 21. a5 Qg6 22. Rad1 b6 23. axb6 Bxb6 24. Kh1 Rde8 25.
c4 Bd4 26. Bc1 Bc3 27. Bd2 Bxd2 28. Rxd2 Ne6 29. Bh5 Qh6 30. Bxe8 f3 31. gxf3 Rxe8 32. Rg1 Nd4 33. Qe3 Qxe3 34. fxe3 Nxf3 35. Rgg2 Nxd2 36.
Rxd2 Rb8 37. Ra2 Rxb4 38. Rxa7 h5 39. Kg2 Rb3 40. Rd7 Kh7 41. Kf3 Rb2 42. h3 Rh2 43. Kg3 Re2 44. Kf3 Rh2 45. Rd6 Rxh3+ 46. Ke4 c5 47. Rd5 g5 48. Rxe5 g4 49. Rxc5 g3 50. Rg5 Kh6 51. Kf4 Rh4+ 52. Kf5 Rg4 53. Rxg4 hxg4 54.
c5 g2 55. c6 g1=Q 56. c7 Qc1 57. c8=Q Qxc8+ 0-1

[Event "Early-Titled-Tuesday-Blitz-February-20-2024"]
[Site "Chess.com"]
[Date "2024.02.20"]
[Round "10"]
[White "Cambek64"]
[Black "AlexanderKing"]
[Result "0-1"]
[WhiteElo "2460"]
[BlackElo "2621"]
[TimeControl "180+1"]
[EndTime "9:59:07 PST"]
[Termination "AlexanderKing won by resignation"]

1. e4 e6 2. d3 d5 3. Qe2 Nf6 4.
e5 Nfd7 5. f4 c5 6. Nf3 Nc6 7. g3 b5 8. Bg2 Be7 9. O-O O-O 10. Be3 d4 11. Bf2 Bb7 12. Nbd2 Nb6 13.
Ne4 Nd5 14. c3 Qb6 15. cxd4 cxd4 16. a3 Rfd8 17. h4 h6 18. h5 Ne3 19. Bxe3 dxe3 20. Rae1 Rd7 21. Qxe3 Rxd3 22. Qxb6 axb6 23. Rc1 b4 24. axb4 Bxb4 25. Nf2 Rd7 26. Rfd1 Rad8 27. Rxd7 Rxd7 28. g4 Bc5 29. Kf1 Nb4 30. Ne1 Ba6+ 31. Kg1 Rd2 32. Rxc5 bxc5 33. b3 Rb2 34. Ne4 Rxb3 35. Nxc5 Rb1 36. Nxa6 Rxe1+ 37. Kf2 Rb1 38. Nxb4 Rxb4 39. Ke3 Kf8 40. Bf3 Ke7 41. Be2 Kd8 42. Bf3 Kc7 43. f5 Kd7 44. Be4 Ke7 45. Kf4 Ra4 46.
Ke3 f6 47. exf6+ Kxf6 48. fxe6 Kxe6 49. Kf4 Kf6 50. Kf3 Kg5 51. Bf5 Rf4+ 52. Kg3 Rxf5 53.
gxf5 Kxf5 54. Kh4 Kf4 55. Kh3 Kg5 56. Kg3 Kxh5 57. Kh3 g5 0-1

[Event "Early-Titled-Tuesday-Blitz-February-20-2024"]
[Site "Chess.com"]
[Date "2024.02.20"]
[Round "10"]
[White "Zallio"]
[Black "Matols"]
[Result "0-1"]
[WhiteElo "2166"]
[BlackElo "2355"]
[TimeControl "180+1"]
[EndTime "9:59:07 PST"]
[Termination "Matols won by checkmate"]

1. d4 d5 2. Nf3 Nf6 3. e3 c5 4.
Be2 cxd4 5. exd4 Nc6 6. O-O Bg4 7. b3 e6 8. Bb2 Bxf3 9. Bxf3 Bd6 10. c4 dxc4 11. bxc4 O-O 12. Nc3 Rc8 13. d5 Ne5 14. dxe6 Nxc4 15. exf7+ Rxf7 16. Qb3 Nxb2 17. Qxb2 Qc7 18.
Nd5 Bxh2+ 19. Kh1 Qe5 20. Nxf6+ gxf6 21. Qxe5 Bxe5 22. Rab1 Kg7 23. Bxb7 Rc2 24. a4 Rd7 25. Be4 Ra2 26. Bc6 Rc7 27. Bb5 Rcc2 28. Kg1 Bd4 29.
Bd3 Rxf2 30. Rxf2 Bxf2+ 31. Kf1 Bd4 32. Rb7+ Kh6 33. Rxh7+ Kg5 34. g3 Rf2+ 35. Ke1 Rg2 36. Rg7+ Kh5 37. Be2+ Kh6 38. Rg4 Rg1+ 39. Kd2 Be5 40.
Rh4+ Kg5 41. Rh5+ Kg6 42. g4 Bf4+ 43. Kd3 Ra1 44. a5 Bg5 45. Rh8 Rxa5 46. Kd4 Ra2 47. Bd3+ Kg7 48. Rh7+ Kg8 49. Rxa7 Rxa7 50. Bc4+ Kg7 51.
Ke4 Ra4 52. Kd5 Rxc4 53. Kxc4 Kf7 54. Kd3 Ke6 55. Ke2 Ke5 56. Kf3 Kd4 57. Kg3 Ke4 58.
Kh3 Kf4 59. Kh2 Kxg4 60. Kg2 f5 61. Kh2 Kf3 62. Kg1 Ke2 63. Kg2 f4 64. Kh3 f3 65.
Kg4 f2 66. Kg3 f1=Q 67. Kh2 Bf4# 0-1

[Event "Early-Titled-Tuesday-Blitz-February-20-2024"]
[Site "Chess.com"]
[Date "2024.02.20"]
[Round "10"]
[White "artin10862"]
[Black "FairChess_on_YouTube"]
[Result "1-0"]
[WhiteElo "2928"]
[BlackElo "3057"]
[TimeControl "180+1"]
[EndTime "9:59:09 PST"]
[Termination "artin10862 won by checkmate"]

1. d4 Nf6 2. c4 e6 3. Nf3 b6 4. a3 Bb7 5. Nc3 g6 6. Qc2 Bg7 7. e4 d6 8. Be2 c5 9. d5 O-O 10. O-O Re8 11. Bf4 e5 12. Bg5 h6 13. Bh4 Bc8 14. Ne1 Nbd7 15. b4 Qc7 16. Nd3 a6 17.
Rab1 Nh7 18. f3 f5 19. Bf2 Ndf6 20. Rfe1 Bd7 21. a4 Ng5 22. a5 fxe4 23. fxe4 bxa5 24. bxc5 Nfxe4 25. Nxe4 Nxe4 26. c6 Bc8 27. Bb6 Qe7 28. Bxa5 Bf5 29. Rb7 Qg5 30. Qc1 Qh4 31. Qe3 Bf6 32.
g3 Bg5 33. gxh4 Bxe3+ 34. Kg2 Nd2 35. Bxd2 Bxd2 36. Rd1 Be3 37. Nf2 a5 38. Ng4 Bc5 39. Nxh6+ Kh8 40. Nf7+ Kg8 41. Nh6+ Kh8 42. Nf7+ Kg8 43.
Ng5 a4 44. h5 gxh5 45. Bxh5 Rf8 46. Ne6 Bxe6 47. dxe6 Rf2+ 48. Kh3 a3 49. e7 a2 50. e8=Q+ Rxe8 51. Bxe8 Rf3+ 52. Kg4 Rd3 53. Ra1 e4 54. c7 Kg7 55. c8=Q+ Kf6 56. Qf5# 1-0

[Event "Early-Titled-Tuesday-Blitz-February-20-2024"]
[Site "Chess.com"]
[Date "2024.02.20"]
[Round "10"]
[White "Ezov"]
[Black "simonachess"]
[Result "0-1"]
[WhiteElo "2168"]
[BlackElo "2298"]
[TimeControl "180+1"]
[EndTime "9:59:10 PST"]
[Termination "simonachess won on time"]

1. d4 Nf6 2. Nc3 d5 3. Bf4 g6 4. h4 h6 5. Qd2 Bg7 6. O-O-O Be6 7. f3 Nbd7 8. e4 Nb6 9. e5 Nfd7 10. h5 g5 11. Be3 c6 12. f4 gxf4 13. Bxf4 Qc7 14. Qf2 O-O-O 15. Bd3 a6 16. Qg3 Bf8 17. Nf3 c5 18.
Rhe1 c4 19. Bf1 Qc6 20. Qh4 Na4 21. Bd2 Nxc3 22. Bxc3 Nb6 23. Bb4 Qd7 24. Nh2 Bf5 25. g4 Be4 26. Qg3 e6 27. Bxf8 Rhxf8 28. Bg2 Bh7 29. g5 Qa4 30. Qc3 Qxa2 31. Kd2 Rg8 32. g6 Qa4 33. Bh3 Qd7 34. gxh7 Rh8 35. Ng4 Na4 36. Nf6 Nxc3 37. Nxd7 Ne4+ 38. Rxe4 dxe4 39. Nf6 Rxd4+ 40. Ke2 Rxd1 41. Kxd1 b5 42. Ke2 a5 43.
Ke3 Kc7 44. Kxe4 Kb6 45. Kd4 Rd8+ 46. Kc3 Rh8 47. Bg2 Kc5 48. b3 b4+ 49. Kb2 c3+ 50.
Kc1 Kd4 51. Nd7 Rxh7 52. Nb6 Rg7 53. Bf3 Rg1+ 54. Bd1 Kxe5 55. Nc4+ Kd4 56. Nxa5 Kc5 57. Nb7+ Kd5 58. Nd8 f5 59. Nf7 f4 0-1